 Dungeon Crawl Stone Soup version 0.31.0-9-g3a7656b989 (webtiles) character file.

Game seed: 9629108788454272823

126 qw the Shooter (level 4, 0/23 HPs)
             Began as a Spriggan Hunter on Feb 2, 2024.
             Killed from afar by an orc wizard (7 damage)
             ... with a magic dart
             ... on level 3 of the Dungeon.
             The game lasted 00:00:07 (1777 turns).

qw the Shooter (Spriggan Hunter)                    Turns: 1777, Time: 00:00:08

Health: 0/23       AC:  2    Str:  7    XL:     4   Next: 84%
Magic:  0/5        EV: 20    Int: 10    God:
Gold:   124        SH:  0    Dex: 20    Spells: 3/3 levels left

rFire   . . .        a - +0 shortbow
rCold   . . .        (shield currently unavailable)
rNeg    . . .        c - +0 robe
rPois   .            (helmet restricted)
rElec   .            (no cloak)
rCorr   .            (gloves unavailable)
SInv    +            (boots unavailable)
Will    .....        d - amulet of guardian spirit
Stlth   ++           (no ring)
HPRegen 0.23/turn    (no ring)
MPRegen 0.09/turn

%: guardian spirit
@: very quick
A: very small, no large weapons, unfitting armour, see invisible, speed 3
a: no special abilities


You were on level 3 of the Dungeon.
You visited 1 branch of the dungeon, and saw 3 of its levels.

You collected 124 gold pieces.


Innate Abilities, Weirdness & Mutations

You are very small and have problems with some larger weapons.
You are too small for most types of armour.
You have supernaturally acute eyesight. (SInv)
You cover ground extremely quickly. (Speed+++)


   Skills:
 - Level 2.0 Fighting
 + Level 5.1 Ranged Weapons
 - Level 5.0 Dodging
 - Level 1.5 Stealth


You had 3 spell levels left.
You didn't know any spells.
Your spell library was empty.

Inventory:

Hand Weapons
 a - a +0 shortbow (weapon)
Armour
 c - a +0 robe (worn)
Jewellery
 d - an amulet of guardian spirit (around neck)
Scrolls
 b - a scroll of brand weapon {unknown}
Potions
 e - a potion of curing {unknown}
 f - a potion of enlightenment {unknown}
 g - a potion of heal wounds {unknown}
 i - a potion of mutation {unknown}
 l - a potion of might {unknown}

Dungeon Overview and Level Annotations

Branches:
Dungeon (3/15)

Altars:

Shops:
D:2 :


Message History

The arrow hits the orc wizard but does no damage.
You shoot an arrow. The arrow hits the orc.
The orc is moderately wounded.
You shoot an arrow. The arrow barely misses the orc.
The arrow hits the orc wizard.
The orc wizard is heavily wounded.
The orc wizard mumbles some strange words.
The orc wizard flickers and vanishes for a moment.
The orc barely misses you.
The orc wizard gestures at you while chanting.
The magic dart hits you.
You shoot an arrow. The arrow barely misses the orc.
The orc hits you with a +0 dagger.
You shoot an arrow. The arrow hits the orc.
The orc is almost dead.
The orc misses you.
You shoot an arrow. The arrow hits the orc.
You kill the orc!
The orc wizard casts a spell.
The orc wizard flickers and vanishes for a moment.
The orc wizard barely misses you.
You shoot an arrow. The arrow hits the orc wizard!
The orc wizard is almost dead.
The orc wizard points at you and mumbles some strange words.
The puff of flame misses you.
You shoot an arrow. The arrow hits the orc wizard.
The orc wizard is almost dead.
The orc wizard points at you and mumbles some strange words.
The puff of flame hits you!
You shoot an arrow. The arrow barely misses the orc wizard.
The arrow hits the ball python!
You kill the ball python!
The orc wizard hits you with a +0 dagger.
The orc wizard gestures at you while chanting.
The puff of flame misses the orc wizard.
The puff of flame hits you.
You shoot an arrow.
The arrow barely misses the orc wizard. x2
The orc wizard gestures at you while chanting.
The magic dart hits you!
You die...

... ... #.# ... #.#
#.# #.# #o# #.# #%#
#.# ##o## #.# ##)@.##
#.#### ##.....##
#<...## ##.......##
###...####.......>.#
#.......'...........
##...####............
#..## ##.......#.##
#.## ##.....##.# #.#
##...##


You could see 2 orc wizards.

Vanquished Creatures
  3 gnolls (D:2)
  3 adders (D:2)
  A ribbon worm (D:2)
  An orc (D:3)
  6 ball pythons
  10 endoplasms
  2 giant cockroaches (D:1)
  3 goblins (D:2)
  6 hobgoblins
  10 jackals
  3 quokkas
  4 bats
  A frilled lizard (D:2)
  7 kobolds
  2 rats (D:1)
62 creatures vanquished.

Notes
Turn   | Place    | Note
-------+----------+-------------------------------------------
     0 | D:1      | qw the Spriggan Hunter began the quest for the Orb.
     0 | D:1      | Reached XP level 1. HP: 10/10 MP: 2/2
     0 | D:1      | 0 ||| qw: Version: 0.3-a-155-g5e7d8dd
     0 | D:1      | 0 ||| qw: Game counter: 1520
     0 | D:1      | 0 ||| qw: Melee chars always use a shield: true
     0 | D:1      | 0 ||| qw: God list: Okawaru
     0 | D:1      | 0 ||| qw: Allow faded altars: false
     0 | D:1      | 0 ||| qw: Do Orc after clearing Dungeon:15 true
     0 | D:1      | 0 ||| qw: Do second Lair branch before Depths: true
     0 | D:1      | 0 ||| qw: Lair rune preference: random
     0 | D:1      | 0 ||| qw: Goals: Normal
     0 | D:1      | 0 ||| PLANNING D:1-11
    25 | D:1      | Reached skill level 3 in Dodging
    95 | D:1      | Reached XP level 2. HP: 14/14 MP: 3/3
   229 | D:1      | 229 ||| RETREEEEATING.
   241 | D:1      | Reached XP level 3. HP: 12/18 MP: 4/4
   515 | D:1      | 515 ||| UPGRADING to amulet of guardian spirit.
   520 | D:1      | 520 ||| DROPPING ring of flight.
   521 | D:1      | 521 ||| READING 2 scrolls labelled HIOTHITWIM.
   522 | D:1      | 522 ||| READING scroll labelled JOOQO NIMY.
   523 | D:1      | 523 ||| READING scroll labelled IRADEA ZYWEGYIMIM.
   524 | D:1      | 524 ||| READING scroll labelled HOEREKAOF.
   638 | D:1      | 638 ||| DROPPING scroll of butterflies.
   639 | D:1      | 639 ||| DROPPING scroll of blinking.
   908 | D:2      | Reached XP level 4. HP: 22/22 MP: 5/5
   913 | D:2      | HP: 1/22 [gnoll/+0 flail (6)]
   917 | D:2      | 917 ||| FLEEEEING.
   918 | D:2      | 918 ||| FLEEEEING.
   920 | D:2      | 920 ||| FLEEEEING.
   921 | D:2      | 921 ||| FLEEEEING.
   922 | D:2      | 922 ||| FLEEEEING.
   924 | D:2      | 924 ||| FLEEEEING.
   925 | D:2      | 925 ||| FLEEEEING.
   926 | D:2      | 926 ||| FLEEEEING.
   928 | D:2      | 928 ||| FLEEEEING.
   929 | D:2      | 929 ||| FLEEEEING.
  1376 | D:2      | Found Jalaik's Book Emporium.
  1382 | D:2      | 1382 ||| DROPPING amulet of magic regeneration.
  1605 | D:2      | 1605 ||| READING scroll labelled QAAN EWEALAUPH.
  1609 | D:2      | 1609 ||| READING scroll labelled KIAMUM QACVEA.
  1610 | D:2      | 1610 ||| READING scroll labelled YDOSTR COLISACW.
  1612 | D:2      | 1612 ||| Stepping ~*~*~tactically~*~*~ (cloud).
  1618 | D:2      | HP: 5/23 [poisoned by you (poison gas)]
  1622 | D:2      | HP: 2/23 [poisoned by you (poison gas)]
  1777 | D:3      | Killed from afar by an orc wizard

Levels and vault maps discovered:
D:1:      dpeg_arrival_rooms_a, layout_rooms, corexii_item_surrounded_by_moat
D:2:      layout_basic, serial_shops, shop
D:3:      layout_loops_corners, serial_park_tiny_pond

Skill      XL: |  1  2  3  4 |
---------------+-------------+-----
Dodging        | 3 4 5 |  5.0
Ranged Weapons | 5 |  5.1
Fighting       | 2 |  2.0
Stealth        | |  1.5

Action                     |  1- 3 |  4- 6 || total
---------------------------+-------+-------++-------
   Fire: Shortbow          |   117 |    54 ||   171
    Use: Scroll            |     4 |     3 ||     7
 Armour: Robe              |    16 |     9 ||    25
  Dodge: Dodged            |    56 |    15 ||    71

Table legend:
 A = Non-vault XP
 B = Vault XP
 C = Vault XP percentage of total XP
 D = Non-vault monster count
 E = Vault monster count
 F = Vault count percentage of total count
                 A         B        C        D         E       F
            +---------+---------+-------+---------+---------+-------
      Total |     181 |       0 |   0.0 |      62 |       0 |   0.0
            +---------+---------+-------+---------+---------+-------
        D:1 |      54 |       0 |   0.0 |      31 |       0 |   0.0
        D:2 |     123 |       0 |   0.0 |      29 |       0 |   0.0
        D:3 |       4 |       0 |   0.0 |       2 |       0 |   0.0
            +---------+---------+-------+---------+---------+-------
